Tamiflu vs Patriotes
Created - 24 février 2017 at 19:17
Goals
|
| Tamiflu |
3 |
2 |
0 |
5 |
| Patriotes |
1 |
1 |
0 |
2 |
|
Shots
|
| Tamiflu |
8 |
13 |
14 |
35 |
| Patriotes |
15 |
8 |
7 |
30 |
|
1st period
1. Tamiflu , Petr Pohl 23 (Greg Mauldin) at 1:55 (PP)
2. Tamiflu , Robert Dome 19 (Petr Pohl) at 4:34
3. Patriotes , Ryan Wilson 4 (Christian Hanson, Andrew Gordon) at 11:35 (PP)
4. Tamiflu , Petr Pohl 24 (Greg Mauldin) at 14:21 (PP)
Penalties :
Zenon Konopka (Nyc) for Cross-checking (Minor) at 1:53, Stefan Elliott (Det) for Holding (Minor) at 11:30, Ryan Wilson (Nyc) for Hooking (Minor) at 14:20
2nd period
5. Tamiflu , Tye McGinn 15 (Colin Greening) at 6:25
6. Patriotes , Lauri Tukonen 14 (Mathieu Perreault, Anthony Bitetto) at 8:12
7. Tamiflu , Casey Wellman 3 (Lucas Lessio, Philip Samuelsson) at 11:29
Penalties :
Fedor Fedorov (Nyc) for Hooking (Minor) at 12:49, Austin Watson (Nyc) for Hooking (Minor) at 18:07
3rd period
No Goal
Penalties :
Robert Dome (Det) for Hooking (Minor) at 17:49
Goalie Stats
Thomas Greiss (Det), 28 saves from 30 shots - (0,933), W, 22-18-6, 60:00 minutes
Marek Schwarz (Nyc), 8 saves from 12 shots - (0,667), L, 19-17-3, 26:25 minutes
Jason Missiaen (Nyc), 22 saves from 23 shots - (0,957), 33:35 minutes
Players Stats for Tamiflu
Player Name G A P +/- PIM S H SB GA TA FO MP PP MP PK MP
------------------------------------------------------------------------------------
Adam Larsson 0 0 0 0 0 0 2 0 0 1 0/0 17:45 0:09 0:55
Casey Wellman 1 0 1 1 0 3 0 0 0 0 2/3 9:12 0:00 0:00
Colin Greening 0 1 1 1 0 0 0 0 0 1 3/6 10:56 0:00 0:05
Greg Mauldin 0 2 2 1 0 1 1 0 1 1 14/28 19:32 2:16 0:25
Jamie Arniel 0 0 0 -1 0 5 1 0 1 0 7/17 18:53 1:36 0:27
Jan Mursak 0 0 0 1 0 0 2 0 0 0 0/0 10:19 0:00 1:07
Jordan Hendry 0 0 0 -1 0 5 1 1 1 1 0/0 21:06 2:34 1:09
Kyle Lawson 0 0 0 0 0 1 1 0 0 1 0/0 16:19 0:00 0:00
Lucas Lessio 0 1 1 1 0 0 0 0 1 0 1/1 9:53 0:00 0:30
Mattias Tedenby 0 0 0 -1 0 0 1 0 0 0 0/2 17:10 0:09 0:00
Mike Duco 0 0 0 1 0 3 2 0 0 0 1/2 11:00 0:09 0:00
Nathan Oystrick 0 0 0 -1 0 2 0 2 0 0 0/0 19:54 1:27 0:55
Nino Niederreiter 0 0 0 -1 0 0 1 0 0 2 2/3 18:53 1:36 0:27
Petr Pohl 2 1 3 1 0 5 1 0 0 0 0/2 20:14 2:16 1:07
Philip Samuelsson 0 1 1 3 0 4 1 2 1 0 0/0 23:47 2:34 1:09
Robert Dome 1 0 1 1 2 5 3 0 1 1 0/0 19:17 2:16 0:00
Stefan Elliott 0 0 0 3 2 0 0 0 0 1 0/0 21:28 1:27 0:00
Tye McGinn 1 0 1 1 0 1 1 0 0 0 0/2 12:16 1:36 0:00
Players Stats for Patriotes
Player Name G A P +/- PIM S H SB GA TA FO MP PP MP PK MP
------------------------------------------------------------------------------------
Andrew Gordon 0 1 1 -2 0 8 0 0 2 0 3/5 25:30 1:09 2:10
Anthony Bitetto 0 1 1 0 0 1 1 0 0 0 0/0 19:32 1:03 1:31
Austin Watson 0 0 0 0 2 1 3 2 0 0 1/1 15:10 0:00 0:40
Christian Hanson 0 1 1 -2 0 1 1 0 0 1 17/27 18:54 1:09 1:24
Fedor Fedorov 0 0 0 -2 2 0 4 1 0 0 1/2 18:17 1:09 0:48
Jared Knight 0 0 0 0 0 0 0 0 0 0 0/0 0:00 0:00 0:00
Jordie Benn 0 0 0 -1 0 1 2 0 0 1 0/0 27:36 1:01 2:20
Lauri Tukonen 1 0 1 0 0 5 1 3 1 0 0/0 13:42 0:00 0:00
Mathieu Perreault 0 1 1 0 0 1 0 0 1 0 4/5 14:27 0:00 0:45
Matt Calvert 0 0 0 0 0 1 0 0 1 0 0/1 18:23 0:55 0:00
Mattias Weinhandl 0 0 0 0 0 4 1 0 2 0 1/1 20:50 0:55 2:12
Melker Karlsson 0 0 0 0 0 0 1 0 1 0 2/7 6:12 0:00 0:03
Mike Funk 0 0 0 0 0 1 0 0 0 0 0/0 19:32 1:03 1:31
Robbie Russo 0 0 0 -1 0 0 0 0 0 0 0/0 12:53 0:00 0:11
Ryan Wilson 1 0 1 -1 2 3 1 0 1 3 0/0 27:44 1:01 2:29
Stephen Johns 0 0 0 -1 0 1 2 2 0 1 0/0 12:42 0:00 0:00
Zach Budish 0 0 0 0 0 0 0 0 0 0 0/0 6:09 0:00 0:00
Zenon Konopka 0 0 0 0 2 2 1 0 0 0 7/17 18:22 0:55 0:00
3 Stars
1 - Petr Pohl (Det)
2 - Philip Samuelsson (Det)
3 - Greg Mauldin (Det)
Power Play
Tamiflu - 2 on 4 Attempt(s) - 50,00%
Patriotes - 1 on 2 Attempt(s) - 50,00%
Penalty Kill
Tamiflu - 1 on 2 Attempt(s) - 50,00%
- Score 0 goal in Penalty Kill
Patriotes - 2 on 4 Attempt(s) - 50,00%
- Score 0 goal in Penalty Kill
Team Stat
Tamiflu - Hits : 18 - Faceoff Wins : 30 - Blocked Shots : 5 - Penalty Minutes : 4
Patriotes - Hits : 18 - Faceoff Wins : 36 - Blocked Shots : 8 - Penalty Minutes : 8
Official
Referees : Hasenfratz Mike and Ciamaga Chris
Linesman : Bryan Pancich and Brian Mach
Game Notes
Jason Missiaen enters game at 6:25 of 2nd period
Finance
Level 1 -- Attendance: 1312 (65,60%) -- Ticket Income 45 920 $
Level 2 -- Attendance: 726 (72,60%) -- Ticket Income 10 890 $
Total Attendance: 2038 (67,93%)
Total Ticket Income: 56 810 $
Other Income: 2 840 $
Total Income: 59 650 $
Tamiflu
5 vs 5 Forward
Center Left Wing Right Wing Time % Phy DF OF
1 Greg Mauldin Robert Dome Petr Pohl 35 0 2 3
2 Jamie Arniel Mattias Tedenby Nino Niederreiter 35 0 2 3
3 Colin Greening Tye McGinn Mike Duco 20 1 2 2
4 Casey Wellman Lucas Lessio Jan Mursak 10 1 2 2
5 vs 5 Defense
Defense Defense Time % Phy DF OF
1 Philip Samuelsson Stefan Elliott 40 1 2 2
2 Nathan Oystrick Jordan Hendry 30 1 2 2
3 Kyle Lawson Adam Larsson 20 1 2 2
4 Kyle Lawson Adam Larsson 10 1 3 1
PowerPlay Forward
Center Left Wing Right Wing Time % Phy DF OF
1 Greg Mauldin Robert Dome Petr Pohl 60 0 1 4
2 Jamie Arniel Tye McGinn Nino Niederreiter 40 0 1 4
PowerPlay Defense
Defense Defense Time % Phy DF OF
1 Philip Samuelsson Jordan Hendry 60 0 2 3
2 Nathan Oystrick Stefan Elliott 40 0 2 3
Penalty Kill 4 Players Forward
Center Wing Time % Phy DF OF
1 Petr Pohl Jan Mursak 60 1 3 1
2 Jamie Arniel Nino Niederreiter 40 1 3 1
Penalty Kill 4 Players Defense
Defense Defense Time % Phy DF OF
1 Nathan Oystrick Adam Larsson 50 1 3 1
2 Philip Samuelsson Jordan Hendry 50 1 3 1
Penalty Kill - 3 Players Forward
Forward Time % Phy DF OF
1 Jan Mursak 60 1 4 0
2 Nino Niederreiter 40 1 4 0
Penalty Kill - 3 Players Defense
Defense Defense Time % Phy DF OF
1 Nathan Oystrick Jordan Hendry 60 1 4 0
2 Philip Samuelsson Adam Larsson 40 1 4 0
4 vs 4 Forward
Center Wing Time % Phy DF OF
1 Greg Mauldin Petr Pohl 50 1 2 2
2 Robert Dome Nino Niederreiter 50 1 2 2
4 vs 4 Defense
Defense Defense Time % Phy DF OF
1 Philip Samuelsson Jordan Hendry 60 1 2 2
2 Nathan Oystrick Adam Larsson 40 1 2 2
Last Minutes Offensive
Center Left Wing Right Wing Defense Defense
Greg Mauldin Robert Dome Petr Pohl Philip Samuelsson Jordan Hendry
Last Minutes Defensive
Center Left Wing Right Wing Defense Defense
Jamie Arniel Jan Mursak Nino Niederreiter Philip Samuelsson Nathan Oystrick
Goaltenders
Starting : Thomas Greiss
Backup : Tyler Beskorowany
Extra Forwards
Normal : Petr Pohl, Nino Niederreiter, Mike Duco - PP : Mattias Tedenby, Mike Duco - PK : Greg Mauldin
Extra Defensemen
Normal : Philip Samuelsson, Jordan Hendry, Adam Larsson - PP : Nathan Oystrick - PK : Stefan Elliott, Jordan Hendry
Penalty Shots
Mattias Tedenby, Jamie Arniel, Robert Dome, Greg Mauldin, Casey Wellman
Patriotes
5 vs 5 Forward
Center Left Wing Right Wing Time % Phy DF OF
1 Christian Hanson Fedor Fedorov Andrew Gordon 40 1 2 2
2 Zenon Konopka Matt Calvert Mattias Weinhandl 30 1 2 2
3 Mathieu Perreault Austin Watson Lauri Tukonen 20 1 2 2
4 Melker Karlsson Andrew Gordon Zach Budish 10 1 2 2
5 vs 5 Defense
Defense Defense Time % Phy DF OF
1 Ryan Wilson Jordie Benn 40 1 2 2
2 Anthony Bitetto Mike Funk 30 1 2 2
3 Stephen Johns Robbie Russo 20 1 2 2
4 Ryan Wilson Jordie Benn 10 1 2 2
PowerPlay Forward
Center Left Wing Right Wing Time % Phy DF OF
1 Christian Hanson Fedor Fedorov Andrew Gordon 60 1 2 2
2 Zenon Konopka Matt Calvert Mattias Weinhandl 40 1 2 2
PowerPlay Defense
Defense Defense Time % Phy DF OF
1 Ryan Wilson Jordie Benn 60 1 2 2
2 Anthony Bitetto Mike Funk 40 1 2 2
Penalty Kill 4 Players Forward
Center Wing Time % Phy DF OF
1 Andrew Gordon Mattias Weinhandl 60 1 2 2
2 Fedor Fedorov Christian Hanson 40 1 2 2
Penalty Kill 4 Players Defense
Defense Defense Time % Phy DF OF
1 Ryan Wilson Jordie Benn 60 1 2 2
2 Anthony Bitetto Mike Funk 40 1 2 2
Penalty Kill - 3 Players Forward
Forward Time % Phy DF OF
1 Andrew Gordon 60 1 2 2
2 Mattias Weinhandl 40 1 2 2
Penalty Kill - 3 Players Defense
Defense Defense Time % Phy DF OF
1 Ryan Wilson Jordie Benn 60 1 2 2
2 Anthony Bitetto Mike Funk 40 1 2 2
4 vs 4 Forward
Center Wing Time % Phy DF OF
1 Andrew Gordon Mattias Weinhandl 60 1 2 2
2 Fedor Fedorov Christian Hanson 40 1 2 2
4 vs 4 Defense
Defense Defense Time % Phy DF OF
1 Ryan Wilson Jordie Benn 60 1 2 2
2 Anthony Bitetto Mike Funk 40 1 2 2
Last Minutes Offensive
Center Left Wing Right Wing Defense Defense
Christian Hanson Fedor Fedorov Andrew Gordon Ryan Wilson Jordie Benn
Last Minutes Defensive
Center Left Wing Right Wing Defense Defense
Christian Hanson Fedor Fedorov Andrew Gordon Ryan Wilson Jordie Benn
Goaltenders
Starting : Marek Schwarz
Backup : Jason Missiaen
Extra Forwards
Normal : Jared Knight, Lauri Tukonen, Mathieu Perreault - PP : Jared Knight, Lauri Tukonen - PK : Mathieu Perreault
Extra Defensemen
Normal : Stephen Johns, Robbie Russo, Anthony Bitetto - PP : Stephen Johns - PK : Robbie Russo, Anthony Bitetto
Penalty Shots
Andrew Gordon, Mattias Weinhandl, Fedor Fedorov, Christian Hanson, Matt Calvert
% Time on Ice - Tamiflu
Lines # - Real PCT - Wanted PCT - Time Play
Normal Forward
1 - 32% - 35% - 17:13
2 - 31% - 35% - 16:50
3 - 20% - 20% - 10:40
4 - 17% - 10% - 9:12
Normal Defense
1 - 38% - 40% - 20:42
2 - 31% - 30% - 16:54
3 - 21% - 20% - 11:12
4 - 9% - 10% - 5:07
PP Forward
1 - 60% - 60% - 2:25
2 - 40% - 40% - 1:36
PP Defense
1 - 64% - 60% - 2:34
2 - 36% - 40% - 1:27
PK Forward
1 - 78% - 60% - 1:37
2 - 22% - 40% - 0:27
PK Defense
1 - 44% - 50% - 0:55
2 - 56% - 50% - 1:09
PK3 Forward
1 - 0% - 60%
2 - 0% - 40%
PK3 Defense
1 - 0% - 60%
2 - 0% - 40%
44 Forward
1 - 0% - 50%
2 - 0% - 50%
44 Defense
1 - 0% - 60%
2 - 0% - 40%
Last Minute Offensive - 0:00
Last Minute Defensive - 0:00
Total
Forward - 60:00
Defense - 60:00
|
% Time on Ice - Patriotes
Lines # - Real PCT - Wanted PCT - Time Play
Normal Forward
1 - 31% - 40% - 16:36
2 - 32% - 30% - 17:28
3 - 25% - 20% - 13:42
4 - 11% - 10% - 6:09
Normal Defense
1 - 38% - 40% - 20:33
2 - 31% - 30% - 16:58
3 - 24% - 20% - 12:42
4 - 7% - 10% - 3:42
PP Forward
1 - 56% - 60% - 1:09
2 - 44% - 40% - 0:55
PP Defense
1 - 49% - 60% - 1:01
2 - 51% - 40% - 1:03
PK Forward
1 - 76% - 60% - 3:04
2 - 24% - 40% - 0:57
PK Defense
1 - 62% - 60% - 2:30
2 - 38% - 40% - 1:31
PK3 Forward
1 - 0% - 60%
2 - 0% - 40%
PK3 Defense
1 - 0% - 60%
2 - 0% - 40%
44 Forward
1 - 0% - 60%
2 - 0% - 40%
44 Defense
1 - 0% - 60%
2 - 0% - 40%
Last Minute Offensive - 0:00
Last Minute Defensive - 0:00
Total
Forward - 60:00
Defense - 60:00
|
Play by Play
1st period
0:01 of 1st period - Christian Hanson wins face-off versus Greg Mauldin in neutral zone.
1:09 of 1st period - Off-side.
1:10 of 1st period - Casey Wellman wins face-off versus Melker Karlsson in neutral zone.
1:13 of 1st period - Slapshot by Nathan Oystrick.
1:13 of 1st period - Stopped by Marek Schwarz with a rebound.
1:15 of 1st period - Slapshot by Jordan Hendry.
1:15 of 1st period - Stopped by Marek Schwarz with a rebound.
1:45 of 1st period - Snap shot by Robert Dome.
1:45 of 1st period - Shot Blocked by Stephen Johns.
1:47 of 1st period - Wrist shot by Robert Dome.
1:47 of 1st period - Shot Blocked by Stephen Johns.
1:53 of 1st period - Minor Penalty to Zenon Konopka for Cross-checking.
1:54 of 1st period - Greg Mauldin wins face-off versus Andrew Gordon in Patriotes zone.
1:55 of 1st period - Snap shot by Petr Pohl.
1:55 of 1st period - Goal by Petr Pohl - Tamiflu : 1 - Patriotes : 0.
1:56 of 1st period - Christian Hanson wins face-off versus Jamie Arniel in neutral zone.
1:58 of 1st period - Off-side.
1:59 of 1st period - Christian Hanson wins face-off versus Mattias Tedenby in neutral zone.
2:54 of 1st period - Snap shot by Mattias Weinhandl.
2:54 of 1st period - Shot Misses the Net.
2:56 of 1st period - Slapshot by Jordie Benn.
2:56 of 1st period - Shot Misses the Net.
3:38 of 1st period - Slapshot by Nathan Oystrick.
3:38 of 1st period - Shot Blocked by Lauri Tukonen.
3:40 of 1st period - Slapshot by Mike Duco.
3:40 of 1st period - Shot Hit the Post.
3:42 of 1st period - Snap shot by Tye McGinn.
3:42 of 1st period - Deflect By Mike Duco.
3:42 of 1st period - Stopped by Marek Schwarz without a rebound.
3:43 of 1st period - Zenon Konopka wins face-off versus Jamie Arniel in Patriotes zone.
3:58 of 1st period - Slapshot by Mattias Weinhandl.
3:58 of 1st period - Shot Misses the Net.
4:01 of 1st period - Icing by Kyle Lawson.
4:02 of 1st period - Christian Hanson wins face-off versus Mattias Tedenby in Tamiflu zone.
4:03 of 1st period - Snap shot by Andrew Gordon.
4:03 of 1st period - Stopped by Thomas Greiss without a rebound.
4:04 of 1st period - Christian Hanson wins face-off versus Greg Mauldin in Tamiflu zone.
4:11 of 1st period - Snap shot by Andrew Gordon.
4:11 of 1st period - Stopped by Thomas Greiss without a rebound.
4:12 of 1st period - Greg Mauldin wins face-off versus Christian Hanson in Tamiflu zone.
4:17 of 1st period - Jordie Benn is hit by Greg Mauldin and loses puck.
4:34 of 1st period - Snap shot by Robert Dome.
4:34 of 1st period - Goal by Robert Dome - Tamiflu : 2 - Patriotes : 0.
4:35 of 1st period - Christian Hanson wins face-off versus Jamie Arniel in neutral zone.
4:46 of 1st period - Slapshot by Ryan Wilson.
4:46 of 1st period - Stopped by Thomas Greiss with a rebound.
5:00 of 1st period - Kyle Lawson is hit by Jordie Benn and loses puck.
5:33 of 1st period - Wrist shot by Robert Dome.
5:33 of 1st period - Shot Misses the Net.
5:55 of 1st period - Wrist shot by Andrew Gordon.
5:55 of 1st period - Stopped by Thomas Greiss with a rebound.
7:33 of 1st period - Zenon Konopka is hit by Adam Larsson and loses puck.
8:21 of 1st period - Icing by Lauri Tukonen.
8:22 of 1st period - Austin Watson wins face-off versus Jamie Arniel in Patriotes zone.
9:54 of 1st period - Stephen Johns is hit by Petr Pohl and loses puck.
10:11 of 1st period - Wrist shot by Mike Duco.
10:11 of 1st period - Shot Blocked by Lauri Tukonen.
10:13 of 1st period - Snap shot by Mike Duco.
10:13 of 1st period - Shot Misses the Net.
10:15 of 1st period - Slapshot by Philip Samuelsson.
10:15 of 1st period - Stopped by Marek Schwarz without a rebound.
10:16 of 1st period - Jamie Arniel wins face-off versus Zenon Konopka in Patriotes zone.
10:49 of 1st period - Wrist shot by Andrew Gordon.
10:49 of 1st period - Shot Blocked by Nathan Oystrick.
10:51 of 1st period - Snap shot by Christian Hanson.
10:51 of 1st period - Deflect By Andrew Gordon.
10:51 of 1st period - Stopped by Thomas Greiss with a rebound.
11:23 of 1st period - Slapshot by Andrew Gordon.
11:23 of 1st period - Stopped by Thomas Greiss without a rebound.
11:24 of 1st period - Melker Karlsson wins face-off versus Colin Greening in Tamiflu zone.
11:25 of 1st period - Snap shot by Andrew Gordon.
11:25 of 1st period - Shot Misses the Net.
11:30 of 1st period - Minor Penalty to Stefan Elliott for Holding.
11:31 of 1st period - Christian Hanson wins face-off versus Petr Pohl in Tamiflu zone.
11:33 of 1st period - Slapshot by Christian Hanson.
11:33 of 1st period - Shot Misses the Net.
11:35 of 1st period - Slapshot by Ryan Wilson.
11:35 of 1st period - Goal by Ryan Wilson - Tamiflu : 2 - Patriotes : 1.
11:36 of 1st period - Christian Hanson wins face-off versus Greg Mauldin in neutral zone.
11:39 of 1st period - Greg Mauldin is hit by Fedor Fedorov and loses puck.
11:51 of 1st period - Jordie Benn is hit by Philip Samuelsson and loses puck.
12:42 of 1st period - Backhand shot by Lauri Tukonen.
12:42 of 1st period - Stopped by Thomas Greiss with a rebound.
12:44 of 1st period - Backhand shot by Mike Funk.
12:44 of 1st period - Stopped by Thomas Greiss with a rebound.
13:18 of 1st period - Backhand shot by Mattias Weinhandl.
13:18 of 1st period - Stopped by Thomas Greiss without a rebound.
13:19 of 1st period - Greg Mauldin wins face-off versus Zenon Konopka in Tamiflu zone.
13:42 of 1st period - Greg Mauldin is hit by Fedor Fedorov and loses puck.
14:03 of 1st period - Wrist shot by Jamie Arniel.
14:03 of 1st period - Shot Hit the Post.
14:05 of 1st period - Backhand shot by Jamie Arniel.
14:05 of 1st period - Stopped by Marek Schwarz without a rebound.
14:06 of 1st period - Zenon Konopka wins face-off versus Jamie Arniel in Patriotes zone.
14:20 of 1st period - Minor Penalty to Ryan Wilson for Hooking.
14:21 of 1st period - Greg Mauldin wins face-off versus Andrew Gordon in Patriotes zone.
14:21 of 1st period - Wrist shot by Petr Pohl.
14:21 of 1st period - Goal by Petr Pohl - Tamiflu : 3 - Patriotes : 1.
14:22 of 1st period - Christian Hanson wins face-off versus Nino Niederreiter in neutral zone.
15:03 of 1st period - Snap shot by Andrew Gordon.
15:03 of 1st period - Deflect By Jamie Arniel.
15:03 of 1st period - Stopped by Thomas Greiss with a rebound.
15:05 of 1st period - Snap shot by Andrew Gordon.
15:05 of 1st period - Stopped by Thomas Greiss with a rebound.
15:31 of 1st period - Snap shot by Andrew Gordon.
15:31 of 1st period - Shot Blocked by Philip Samuelsson.
15:33 of 1st period - Snap shot by Ryan Wilson.
15:33 of 1st period - Stopped by Thomas Greiss with a rebound.
15:35 of 1st period - Slapshot by Jordie Benn.
15:35 of 1st period - Deflect By Christian Hanson.
15:35 of 1st period - Shot Misses the Net.
15:35 of 1st period - Puck is out of play.
15:36 of 1st period - Greg Mauldin wins face-off versus Matt Calvert in Tamiflu zone.
15:50 of 1st period - Off-side.
15:51 of 1st period - Mathieu Perreault wins face-off versus Mike Duco in neutral zone.
16:06 of 1st period - Snap shot by Tye McGinn.
16:06 of 1st period - Shot Blocked by Lauri Tukonen.
16:14 of 1st period - Jordan Hendry is hit by Austin Watson and loses puck.
16:19 of 1st period - Snap shot by Lauri Tukonen.
16:19 of 1st period - Shot Blocked by Nathan Oystrick.
16:21 of 1st period - Wrist shot by Austin Watson.
16:21 of 1st period - Stopped by Thomas Greiss without a rebound.
16:22 of 1st period - Zenon Konopka wins face-off versus Greg Mauldin in Tamiflu zone.
18:07 of 1st period - Jan Mursak is hit by Zenon Konopka and loses puck.
18:31 of 1st period - Icing by Zenon Konopka.
18:32 of 1st period - Greg Mauldin wins face-off versus Zenon Konopka in Patriotes zone.
18:33 of 1st period - Slapshot by Robert Dome.
18:33 of 1st period - Shot Misses the Net.
19:09 of 1st period - Snap shot by Mattias Weinhandl.
19:09 of 1st period - Shot Misses the Net.
19:19 of 1st period - Wrist shot by Mattias Weinhandl.
19:19 of 1st period - Shot Misses the Net.
19:27 of 1st period - Snap shot by Mattias Weinhandl.
19:27 of 1st period - Stopped by Thomas Greiss with a rebound.
19:29 of 1st period - Snap shot by Ryan Wilson.
19:29 of 1st period - Deflect By Matt Calvert.
19:29 of 1st period - Shot Misses the Net.
19:29 of 1st period - Puck is out of play.
19:30 of 1st period - Jamie Arniel wins face-off versus Christian Hanson in Tamiflu zone.
19:36 of 1st period - Slapshot by Stefan Elliott.
19:36 of 1st period - Shot Misses the Net.
19:44 of 1st period - Wrist shot by Jamie Arniel.
19:44 of 1st period - Shot Blocked by Fedor Fedorov.
Goals for this period are 3 for Tamiflu vs 1 for Patriotes.
Shots for this period are 8 for Tamiflu vs 15 for Patriotes.
2nd period
0:01 of 2nd period - Christian Hanson wins face-off versus Colin Greening in neutral zone.
0:28 of 2nd period - Wrist shot by Mike Duco.
0:28 of 2nd period - Stopped by Marek Schwarz with a rebound.
0:58 of 2nd period - Wrist shot by Mattias Tedenby.
0:58 of 2nd period - Shot Misses the Net.
1:17 of 2nd period - Wrist shot by Andrew Gordon.
1:17 of 2nd period - Stopped by Thomas Greiss without a rebound.
1:18 of 2nd period - Mathieu Perreault wins face-off versus Greg Mauldin in Tamiflu zone.
1:43 of 2nd period - Jordan Hendry is hit by Stephen Johns and loses puck.
1:57 of 2nd period - Icing by Stefan Elliott.
1:58 of 2nd period - Mathieu Perreault wins face-off versus Tye McGinn in Tamiflu zone.
2:09 of 2nd period - Mathieu Perreault is hit by Mike Duco and loses puck.
2:29 of 2nd period - Snap shot by Mattias Tedenby.
2:29 of 2nd period - Shot Misses the Net.
2:46 of 2nd period - Off-side.
2:47 of 2nd period - Zenon Konopka wins face-off versus Greg Mauldin in neutral zone.
3:21 of 2nd period - Anthony Bitetto is hit by Robert Dome.
3:49 of 2nd period - Snap shot by Jamie Arniel.
3:49 of 2nd period - Shot Misses the Net.
4:03 of 2nd period - Backhand shot by Mattias Weinhandl.
4:03 of 2nd period - Shot Misses the Net.
4:05 of 2nd period - Wrist shot by Matt Calvert.
4:05 of 2nd period - Deflect By Mattias Weinhandl.
4:05 of 2nd period - Shot Misses the Net.
4:05 of 2nd period - Puck is out of play.
4:06 of 2nd period - Zenon Konopka wins face-off versus Tye McGinn in Tamiflu zone.
4:09 of 2nd period - Snap shot by Zenon Konopka.
4:09 of 2nd period - Stopped by Thomas Greiss without a rebound.
4:10 of 2nd period - Mike Duco wins face-off versus Christian Hanson in Tamiflu zone.
4:38 of 2nd period - Off-side.
4:39 of 2nd period - Mathieu Perreault wins face-off versus Jamie Arniel in neutral zone.
4:52 of 2nd period - Slapshot by Lauri Tukonen.
4:52 of 2nd period - Shot Misses the Net.
4:54 of 2nd period - Wrist shot by Lauri Tukonen.
4:54 of 2nd period - Stopped by Thomas Greiss without a rebound.
4:55 of 2nd period - Greg Mauldin wins face-off versus Christian Hanson in Tamiflu zone.
4:55 of 2nd period - Greg Mauldin is hit by Jordie Benn.
5:26 of 2nd period - Snap shot by Greg Mauldin.
5:26 of 2nd period - Stopped by Marek Schwarz without a rebound.
5:27 of 2nd period - Zenon Konopka wins face-off versus Jamie Arniel in Patriotes zone.
5:42 of 2nd period - Snap shot by Mattias Weinhandl.
5:42 of 2nd period - Stopped by Thomas Greiss without a rebound.
5:43 of 2nd period - Christian Hanson wins face-off versus Greg Mauldin in Tamiflu zone.
6:08 of 2nd period - Ryan Wilson is hit by Mattias Tedenby and loses puck.
6:15 of 2nd period - Slapshot by Jamie Arniel.
6:15 of 2nd period - Shot Misses the Net.
6:17 of 2nd period - Wrist shot by Jamie Arniel.
6:17 of 2nd period - Stopped by Marek Schwarz without a rebound.
6:18 of 2nd period - Christian Hanson wins face-off versus Colin Greening in Patriotes zone.
6:25 of 2nd period - Snap shot by Tye McGinn.
6:25 of 2nd period - Goal by Tye McGinn - Tamiflu : 4 - Patriotes : 1.
6:25 of 2nd period - Jason Missiaen enters game.
6:26 of 2nd period - Nino Niederreiter wins face-off versus Christian Hanson in neutral zone.
6:35 of 2nd period - Wrist shot by Fedor Fedorov.
6:35 of 2nd period - Shot Misses the Net.
7:15 of 2nd period - Mattias Weinhandl is hit by Tye McGinn and loses puck.
7:22 of 2nd period - Snap shot by Mike Duco.
7:22 of 2nd period - Shot Misses the Net.
8:08 of 2nd period - Wrist shot by Mathieu Perreault.
8:08 of 2nd period - Shot Blocked by Jordan Hendry.
8:12 of 2nd period - Snap shot by Lauri Tukonen.
8:12 of 2nd period - Goal by Lauri Tukonen - Tamiflu : 4 - Patriotes : 2.
8:13 of 2nd period - Greg Mauldin wins face-off versus Christian Hanson in neutral zone.
8:24 of 2nd period - Greg Mauldin is hit by Christian Hanson and loses puck.
9:00 of 2nd period - Wrist shot by Mattias Weinhandl.
9:00 of 2nd period - Stopped by Thomas Greiss with a rebound.
9:06 of 2nd period - Lauri Tukonen is hit by Mike Duco and loses puck.
9:54 of 2nd period - Snap shot by Mattias Tedenby.
9:54 of 2nd period - Shot Blocked by Austin Watson.
9:56 of 2nd period - Wrist shot by Jordan Hendry.
9:56 of 2nd period - Stopped by Jason Missiaen with a rebound.
9:58 of 2nd period - Slapshot by Nathan Oystrick.
9:58 of 2nd period - Stopped by Jason Missiaen without a rebound.
9:59 of 2nd period - Zenon Konopka wins face-off versus Jamie Arniel in Patriotes zone.
10:05 of 2nd period - Slapshot by Jamie Arniel.
10:05 of 2nd period - Stopped by Jason Missiaen without a rebound.
10:06 of 2nd period - Greg Mauldin wins face-off versus Zenon Konopka in Patriotes zone.
10:19 of 2nd period - Slapshot by Jordie Benn.
10:19 of 2nd period - Shot Misses the Net.
10:28 of 2nd period - Icing by Matt Calvert.
10:29 of 2nd period - Christian Hanson wins face-off versus Jamie Arniel in Patriotes zone.
10:56 of 2nd period - Stephen Johns is hit by Kyle Lawson and loses puck.
11:25 of 2nd period - Slapshot by Philip Samuelsson.
11:25 of 2nd period - Shot Blocked by Austin Watson.
11:27 of 2nd period - Wrist shot by Lucas Lessio.
11:27 of 2nd period - Shot Misses the Net.
11:29 of 2nd period - Wrist shot by Casey Wellman.
11:29 of 2nd period - Goal by Casey Wellman - Tamiflu : 5 - Patriotes : 2.
11:30 of 2nd period - Christian Hanson wins face-off versus Greg Mauldin in neutral zone.
12:18 of 2nd period - Off-side.
12:19 of 2nd period - Lucas Lessio wins face-off versus Zenon Konopka in neutral zone.
12:28 of 2nd period - Wrist shot by Zenon Konopka.
12:28 of 2nd period - Stopped by Thomas Greiss with a rebound.
12:30 of 2nd period - Slapshot by Matt Calvert.
12:30 of 2nd period - Shot Misses the Net.
12:32 of 2nd period - Slapshot by Mike Funk.
12:32 of 2nd period - Shot Blocked by Philip Samuelsson.
12:34 of 2nd period - Snap shot by Matt Calvert.
12:34 of 2nd period - Stopped by Thomas Greiss without a rebound.
12:35 of 2nd period - Andrew Gordon wins face-off versus Jamie Arniel in Tamiflu zone.
12:49 of 2nd period - Minor Penalty to Fedor Fedorov for Hooking.
12:50 of 2nd period - Andrew Gordon wins face-off versus Greg Mauldin in Patriotes zone.
14:49 of 2nd period - Penalty to Fedor Fedorov is over, Fedor Fedorov is back on ice.
15:42 of 2nd period - Matt Calvert is hit by Nino Niederreiter and loses puck.
16:03 of 2nd period - Snap shot by Robert Dome.
16:03 of 2nd period - Stopped by Jason Missiaen with a rebound.
16:10 of 2nd period - Icing by Stephen Johns.
16:11 of 2nd period - Jamie Arniel wins face-off versus Melker Karlsson in Patriotes zone.
16:28 of 2nd period - Mattias Weinhandl is hit by Jordan Hendry and loses puck.
16:49 of 2nd period - Slapshot by Philip Samuelsson.
16:49 of 2nd period - Stopped by Jason Missiaen without a rebound.
16:50 of 2nd period - Greg Mauldin wins face-off versus Melker Karlsson in Patriotes zone.
16:58 of 2nd period - Off-side.
16:59 of 2nd period - Greg Mauldin wins face-off versus Christian Hanson in neutral zone.
17:38 of 2nd period - Snap shot by Robert Dome.
17:38 of 2nd period - Stopped by Jason Missiaen with a rebound.
17:40 of 2nd period - Backhand shot by Robert Dome.
17:40 of 2nd period - Stopped by Jason Missiaen without a rebound.
17:41 of 2nd period - Nino Niederreiter wins face-off versus Zenon Konopka in Patriotes zone.
18:07 of 2nd period - Minor Penalty to Austin Watson for Hooking.
18:08 of 2nd period - Mattias Weinhandl wins face-off versus Greg Mauldin in Patriotes zone.
18:23 of 2nd period - Snap shot by Robert Dome.
18:23 of 2nd period - Shot Misses the Net.
18:41 of 2nd period - Slapshot by Jordan Hendry.
18:41 of 2nd period - Stopped by Jason Missiaen without a rebound.
18:42 of 2nd period - Fedor Fedorov wins face-off versus Greg Mauldin in Patriotes zone.
19:37 of 2nd period - Ryan Wilson is hit by Robert Dome and loses puck.
Goals for this period are 2 for Tamiflu vs 1 for Patriotes.
Shots for this period are 13 for Tamiflu vs 8 for Patriotes.
3rd period
0:01 of 3rd period - Andrew Gordon wins face-off versus Greg Mauldin in neutral zone.
0:07 of 3rd period - Penalty to Austin Watson is over, Austin Watson is back on ice.
1:02 of 3rd period - Mike Funk is hit by Jan Mursak and loses puck.
1:21 of 3rd period - Wrist shot by Mathieu Perreault.
1:21 of 3rd period - Stopped by Thomas Greiss without a rebound.
1:22 of 3rd period - Jamie Arniel wins face-off versus Mathieu Perreault in Tamiflu zone.
2:12 of 3rd period - Mattias Weinhandl is hit by Robert Dome and loses puck.
2:28 of 3rd period - Off-side.
2:29 of 3rd period - Colin Greening wins face-off versus Christian Hanson in neutral zone.
2:41 of 3rd period - Off-side.
2:42 of 3rd period - Greg Mauldin wins face-off versus Zenon Konopka in neutral zone.
2:45 of 3rd period - Slapshot by Jordan Hendry.
2:45 of 3rd period - Deflect By Mattias Weinhandl.
2:45 of 3rd period - Stopped by Jason Missiaen with a rebound.
2:51 of 3rd period - Snap shot by Petr Pohl.
2:51 of 3rd period - Shot Misses the Net.
3:12 of 3rd period - Snap shot by Mike Funk.
3:12 of 3rd period - Shot Misses the Net.
4:23 of 3rd period - Jordie Benn is hit by Jamie Arniel and loses puck.
4:46 of 3rd period - Wrist shot by Mike Duco.
4:46 of 3rd period - Stopped by Jason Missiaen with a rebound.
4:52 of 3rd period - Stefan Elliott is hit by Ryan Wilson and loses puck.
5:02 of 3rd period - Off-side.
5:03 of 3rd period - Casey Wellman wins face-off versus Zenon Konopka in neutral zone.
6:43 of 3rd period - Stefan Elliott is hit by Austin Watson and loses puck.
7:00 of 3rd period - Slapshot by Jordan Hendry.
7:00 of 3rd period - Stopped by Jason Missiaen without a rebound.
7:01 of 3rd period - Melker Karlsson wins face-off versus Casey Wellman in Patriotes zone.
8:17 of 3rd period - Slapshot by Philip Samuelsson.
8:17 of 3rd period - Shot Misses the Net.
8:33 of 3rd period - Mike Funk is hit by Jan Mursak and loses puck.
8:38 of 3rd period - Slapshot by Casey Wellman.
8:38 of 3rd period - Shot Misses the Net.
9:16 of 3rd period - Adam Larsson is hit by Melker Karlsson.
9:17 of 3rd period - Icing by Adam Larsson.
9:18 of 3rd period - Colin Greening wins face-off versus Melker Karlsson in Tamiflu zone.
9:28 of 3rd period - Slapshot by Jordie Benn.
9:28 of 3rd period - Stopped by Thomas Greiss with a rebound.
9:57 of 3rd period - Tye McGinn is hit by Stephen Johns and loses puck.
10:14 of 3rd period - Jordan Hendry is hit by Austin Watson and loses puck.
10:32 of 3rd period - Icing by Zenon Konopka.
10:33 of 3rd period - Greg Mauldin wins face-off versus Melker Karlsson in Patriotes zone.
11:25 of 3rd period - Snap shot by Casey Wellman.
11:25 of 3rd period - Stopped by Jason Missiaen with a rebound.
11:27 of 3rd period - Snap shot by Casey Wellman.
11:27 of 3rd period - Stopped by Jason Missiaen with a rebound.
11:54 of 3rd period - Jordan Hendry is hit by Mattias Weinhandl and loses puck.
13:01 of 3rd period - Wrist shot by Petr Pohl.
13:01 of 3rd period - Stopped by Jason Missiaen without a rebound.
13:02 of 3rd period - Christian Hanson wins face-off versus Greg Mauldin in Patriotes zone.
13:07 of 3rd period - Slapshot by Anthony Bitetto.
13:07 of 3rd period - Deflect By Stefan Elliott.
13:07 of 3rd period - Stopped by Thomas Greiss with a rebound.
13:25 of 3rd period - Snap shot by Mathieu Perreault.
13:25 of 3rd period - Shot Misses the Net.
13:27 of 3rd period - Slapshot by Stephen Johns.
13:27 of 3rd period - Stopped by Thomas Greiss without a rebound.
13:28 of 3rd period - Greg Mauldin wins face-off versus Zenon Konopka in Tamiflu zone.
13:33 of 3rd period - Snap shot by Robert Dome.
13:33 of 3rd period - Stopped by Jason Missiaen with a rebound.
13:35 of 3rd period - Wrist shot by Kyle Lawson.
13:35 of 3rd period - Stopped by Jason Missiaen with a rebound.
13:37 of 3rd period - Snap shot by Adam Larsson.
13:37 of 3rd period - Shot Misses the Net.
13:39 of 3rd period - Wrist shot by Petr Pohl.
13:39 of 3rd period - Stopped by Jason Missiaen without a rebound.
13:40 of 3rd period - Jamie Arniel wins face-off versus Fedor Fedorov in Patriotes zone.
13:43 of 3rd period - Wrist shot by Jamie Arniel.
13:43 of 3rd period - Stopped by Jason Missiaen with a rebound.
13:45 of 3rd period - Snap shot by Philip Samuelsson.
13:45 of 3rd period - Stopped by Jason Missiaen with a rebound.
13:47 of 3rd period - Slapshot by Philip Samuelsson.
13:47 of 3rd period - Stopped by Jason Missiaen without a rebound.
13:48 of 3rd period - Jamie Arniel wins face-off versus Christian Hanson in Patriotes zone.
13:55 of 3rd period - Snap shot by Jamie Arniel.
13:55 of 3rd period - Stopped by Jason Missiaen without a rebound.
13:56 of 3rd period - Christian Hanson wins face-off versus Greg Mauldin in Patriotes zone.
14:07 of 3rd period - Wrist shot by Christian Hanson.
14:07 of 3rd period - Stopped by Thomas Greiss without a rebound.
14:08 of 3rd period - Jamie Arniel wins face-off versus Christian Hanson in Tamiflu zone.
14:08 of 3rd period - Jamie Arniel is hit by Fedor Fedorov.
14:34 of 3rd period - Stefan Elliott is hit by Lauri Tukonen and loses puck.
14:41 of 3rd period - Snap shot by Lauri Tukonen.
14:41 of 3rd period - Stopped by Thomas Greiss with a rebound.
14:43 of 3rd period - Wrist shot by Lauri Tukonen.
14:43 of 3rd period - Stopped by Thomas Greiss with a rebound.
15:08 of 3rd period - Slapshot by Petr Pohl.
15:08 of 3rd period - Stopped by Jason Missiaen with a rebound.
15:22 of 3rd period - Tye McGinn is hit by Anthony Bitetto and loses puck.
15:52 of 3rd period - Slapshot by Lucas Lessio.
15:52 of 3rd period - Shot Misses the Net.
16:09 of 3rd period - Icing by Jordan Hendry.
16:10 of 3rd period - Colin Greening wins face-off versus Zenon Konopka in Tamiflu zone.
16:43 of 3rd period - Snap shot by Robert Dome.
16:43 of 3rd period - Shot Misses the Net.
16:45 of 3rd period - Wrist shot by Greg Mauldin.
16:45 of 3rd period - Shot Misses the Net.
16:47 of 3rd period - Wrist shot by Robert Dome.
16:47 of 3rd period - Shot Misses the Net.
16:49 of 3rd period - Slapshot by Petr Pohl.
16:49 of 3rd period - Shot Misses the Net.
17:49 of 3rd period - Minor Penalty to Robert Dome for Hooking.
17:50 of 3rd period - Christian Hanson wins face-off versus Petr Pohl in Tamiflu zone.
18:52 of 3rd period - Adam Larsson is hit by Fedor Fedorov and loses puck.
19:47 of 3rd period - Mike Funk is hit by Adam Larsson and loses puck.
19:49 of 3rd period - Penalty to Robert Dome is over, Robert Dome is back on ice.
19:58 of 3rd period - Wrist shot by Colin Greening.
19:58 of 3rd period - Shot Misses the Net.
Goals for this period are 0 for Tamiflu vs 0 for Patriotes.
Shots for this period are 14 for Tamiflu vs 7 for Patriotes.
Back to the Top